 Dungeon Crawl Stone Soup version 0.28-a0-474-g535839065c (webtiles) character file.

Game seed: 4976252896234416092

240 robertstho the Skirmisher (level 5, 0/42 HPs)
             Began as a Demonspawn Cinder Acolyte on Sept 15, 2021.
             Was an Elder of Ignis.
             Slain by a gnoll (3 damage)
             ... on level 4 of the Dungeon.
             The game lasted 00:04:40 (4360 turns).

robertstho the Skirmisher (DsCA)                    Turns: 4360, Time: 00:04:41

Health: 0/42       AC:  6    Str: 15    XL:     5   Next: 79%
Magic:  6/6        EV: 10    Int: 21    God:    Ignis [****..]
Gold:   140        SH:  3    Dex:  9    Spells: 6/6 levels left

rFire   + . .      SeeInvis .   a - -1 falchion (flame)
rCold   + . .      Faith    .   i - +0 buckler
rNeg    . . .      Spirit   .   k - +0 leather armour {rC+}
rPois   .          Reflect  .   (no helmet)
rElec   .          Harm     .   j - +0 cloak
rCorr   .          Rampage  .   (no gloves)
Will    .....                   (no boots)
Stlth   +.........              (no amulet)
HPRegen 0.14/turn               l - +6 ring of intelligence
MPRegen 0.10/turn               (no ring)

@: no status effects
A: icy blue scales 1, powered by pain 1
a: Renounce Religion, Sea of Fire, Foxfire Swarm, Rising Flame


You were on level 4 of the Dungeon.
You worshipped Ignis.
Ignis was greatly pleased with you.
You visited 1 branch of the dungeon, and saw 4 of its levels.

You collected 140 gold pieces.

Inventory:

Hand Weapons
 a - a -1 falchion of flaming (weapon)
Armour
 b - a +0 robe
 i - a +0 buckler (worn)
 j - a +0 cloak (worn)
 k - a +0 leather armour of cold resistance (worn)
Jewellery
 l - a +6 ring of intelligence (left hand)
Scrolls
 d - a scroll of teleportation {unknown}
 f - a scroll of brand weapon {unknown}
 g - 3 scrolls of identify
Potions
 e - 2 potions of lignification
 m - a potion of brilliance
 o - a potion of haste


   Skills:
 * Level 4.0 Fighting
 + Level 3.6 Long Blades
 * Level 3.0 Armour
 + Level 1.4 Dodging
 + Level 0.6 Stealth
 + Level 0.4 Shields
 + Level 1.0 Spellcasting
 + Level 2.8 Fire Magic


You had 6 spell levels left.
You didn't know any spells.
Your spell library contained the following spells:

 Spells                   Type           Power      Damage    Failure   Level
 Scorch                   Fire           24%        2d6       16%         2


Dungeon Overview and Level Annotations

Branches:
Dungeon (4/15)
 Temple: D:4-7

Altars:
Wu Jian


Innate Abilities, Weirdness & Mutations

You are partially covered in icy blue scales. (AC +2)
You sometimes gain a little power by taking damage.


Message History

Unknown command.
You hit the gnoll. You burn the gnoll.
The gnoll is heavily wounded.
The gnoll closely misses you.
The hound pauses to sniff the ground.
The gnoll hits you with a +0 whip.
You closely miss the gnoll.
The gnoll is heavily wounded.
The gnoll shouts!
The gnoll hits you with a +0 whip.
* * * LOW HITPOINT WARNING * * *
Unknown command.
As you read the scroll labelled MOUNAP LISCHAI, it crumbles to dust.
It is a scroll of amnesia.
You feel forgetful for a moment. The gnoll hits you with a +0 whip.
* * * LOW HITPOINT WARNING * * *
Okay, then.
It was a potion of haste.
You feel yourself speed up. The gnoll hits you but does no damage.
The gnoll barely misses you.
As you read the scroll labelled NAOCAE GOGIYMO, it crumbles to dust.
It is a scroll of identify.
m - a potion of brilliance The gnoll hits you with a +0 club.
* * * LOW HITPOINT WARNING * * *
As you read the scroll labelled BISESU XUHOITU, it crumbles to dust.
A profound silence engulfs you.
It was a scroll of silence.
The gnoll closely misses you. The gnoll barely misses you.
Magic scrolls do not work when you're silenced!
It was a potion of magic.
Magic courses through your body. The gnoll hits you with a +0 whip.
* * * LOW HITPOINT WARNING * * *
It was a potion of cancellation.
Your magical effects are unravelling.
You feel magically purged.
You feel yourself slow down.
Your hearing returns.
The gnoll hits you with a +0 club.
* * * LOW HITPOINT WARNING * * *
The gnoll closely misses you. The gnoll hits you with a +0 whip.
You die...

⌠.⌠ #.# ##. ### #.## #..
#.# #..## #... #.# #...
#... #.# #..
###...#####.#####.# # .
..........#☼#§.##.#.#...
.......☼○..h...°.....$..
.......@gg#.#.....#.#...
###...#####.hg.<..#.# .
#.. ###gg.....# #.
##...#### # #...# #.###
.g. .... ...


You could see a hound and 2 gnolls.

Vanquished Creatures
  A howler monkey (D:4)
  A jelly (D:3)
  A bullfrog skeleton (D:4)
  6 adders
  An ufetubus (D:4)
  2 worms (D:3)
  2 dart slugs
  2 orcs (D:3)
  6 bats
  A bat skeleton (D:2)
  4 endoplasms (D:2)
  A giant cockroach (D:1)
  6 goblins
  8 hobgoblins
  6 jackals (D:2)
  3 kobolds
  2 quokkas (D:1)
  6 ball pythons
  2 ball python skeletons (D:2)
  5 frilled lizards
  A giant cockroach zombie (D:2)
  8 rats
75 creatures vanquished.

Vanquished Creatures (others)
  4 demonic plants (D:1)
  23 foxfires
  A fungus (D:1)
  5 plants (D:1)
  4 withered plants
37 creatures vanquished.

Grand Total: 112 creatures vanquished

Notes
Turn   | Place    | Note
-------+----------+-------------------------------------------
     0 | D:1      | robertstho the Demonspawn Cinder Acolyte began the quest
                  | for the Orb.
     0 | D:1      | Reached XP level 1. HP: 18/18 MP: 2/2
   345 | D:1      | Gained mutation: You are partially covered in icy blue
                  | scales. (AC +2) [demonic ancestry]
   345 | D:1      | Reached XP level 2. HP: 22/24 MP: 3/3
  1056 | D:1      | Found a faded altar of an unknown god.
  1598 | D:2      | Reached skill level 1 in Armour
  1598 | D:2      | Gained mutation: You sometimes gain a little power by
                  | taking damage. [demonic ancestry]
  1598 | D:2      | Reached XP level 3. HP: 29/29 MP: 4/4
  2702 | D:3      | Reached XP level 4. HP: 36/36 MP: 5/5
  3234 | D:3      | Reached skill level 1 in Dodging
  3855 | D:3      | Found an ornate altar of the Wu Jian Council.
  4072 | D:4      | Reached XP level 5. HP: 27/42 MP: 6/6
  4331 | D:4      | Reached skill level 4 in Fighting
  4360 | D:4      | Slain by a gnoll

Illustrated notes

Levels and vault maps discovered:
D:1:      amcnicky_arrival_flooded_fountain, layout_basic,
          shapermc_ecumenical_altar_gd, minmay_misc_feat_iff, dk_noncrumbling_3,
          minmay_3d_cube
D:2:      layout_basic, serial_undead, serial_undead_c, serial_undead_e,
          serial_undead_e, serial_undead_c, serial_undead_f, serial_undead_a,
          serial_undead_d, guppyfry_early_lair_pool
D:3:      layout_basic, nicolae_wu_jian_glorious_leap
D:4:      layout_loops_cross, temple_doors_e, serial_shops, shop, uniq_pikel

Skill      XL: |  1  2  3  4  5 |
---------------+----------------+-----
Armour         | 1 2 3 |  3.0
Long Blades    | 3 |  3.6
Dodging        | 1 |  1.4
Fighting       | 4 |  4.0
Stealth        | |  0.6
Shields        | |  0.4
Spellcasting   | |  1.0
Fire Magic     | |  2.8

Action                   |  1- 3 |  4- 6 || total
-------------------------+-------+-------++-------
Melee: Falchion          |   171 |   104 ||   275
Invok: Foxfire Swarm     |       |     2 ||     2
       Sea of Fire       |       |     1 ||     1
  Use: Potion            |     1 |     3 ||     4
       Scroll            |       |     3 ||     3
Armor: Robe              |    33 |       ||    33
       Leather armour    |    58 |    36 ||    94
       Skin              |    11 |       ||    11
Dodge: Dodged            |   121 |    70 ||   191
Block: Buckler           |    20 |    15 ||    35

Table legend: (Time is in decaauts)
 A = Elapsed time spent in this place.
 B = Non-inter-level travel time spent in this place.
 C = Inter-level travel time spent in this place.
 D = Time resting spent in this place.
 E = Time spent auto-exploring this place.
 F = Levels seen in this place.
 G = Mean time per level.
                   A        B        C        D        E       F      G
               +--------+--------+--------+--------+--------+-----+--------+
         Total |   4418 |   4228 |    190 |    505 |   3088 |   4 | 1104.5 |
       Dungeon |   4418 |   4228 |    190 |    505 |   3088 |   4 | 1104.5 |
               +--------+--------+--------+--------+--------+-----+--------+

Top non-repeatable levels by time:
     D:3: 1624 daAuts
     D:1: 1563 daAuts
     D:2: 1166 daAuts
     D:4: 63 daAuts
